 Dungeon Crawl Stone Soup version 0.31-a0-152-g6aa68a64a1 (webtiles) character file.

Game seed: 17683074070345929792

1472 qw the Skirmisher (level 8, -16/54 (71) HPs)
             Began as a Minotaur Hunter on June 9, 2023.
             Demolished by Duvessa
             ... wielding a +3 short sword of draining
              (18 damage)
             ... on level 6 of the Dungeon.
             The game lasted 00:01:43 (3854 turns).

qw the Skirmisher (Minotaur Hunter)                 Turns: 3854, Time: 00:01:44

HP:   -16/54 (71)   AC: 11    Str: 16    XL:     8   Next: 49%
MP:   7/7           EV: 13    Int:  6    God:
Gold: 248           SH:  0    Dex: 16    Spells: 7/7 levels left

rFire   . . .        Y - +2 shortbow (elec)
rCold   . . .        (shield currently unavailable)
rNeg    . . .        p - +3 leather armour
rPois   .            (helmet restricted)
rElec   .            o - +0 cloak
rCorr   .            d - +0 pair of gloves
SInv    .            h - +2 pair of boots {Fly}
Will    .....        f - amulet of the acrobat
Stlth   +            (no ring)
HPRegen 0.29/turn    (no ring)
MPRegen 0.10/turn

%: acrobat
@: about to teleport, flying, heavily drained
A: horns 2, retaliatory headbutt
a: no special abilities


You were on level 6 of the Dungeon.
You visited 1 branch of the dungeon, and saw 6 of its levels.

You collected 248 gold pieces.


Innate Abilities, Weirdness & Mutations

You have a pair of horns on your head.
You reflexively headbutt those who attack you in melee.


   Skills:
 + Level 6.4 Fighting
 - Level 10.1 Ranged Weapons
 - Level 2.4 Armour
 - Level 4.3 Dodging
 - Level 0.7 Stealth


You had 7 spell levels left.
You didn't know any spells.
Your spell library was empty.

Inventory:

Hand Weapons
 Y - a +2 shortbow of electrocution (weapon)
Armour
 d - a +0 pair of gloves (worn)
 h - a +2 pair of boots of flying (worn)
 o - a +0 cloak (worn)
 p - a +3 leather armour (worn)
Jewellery
 f - an amulet of the acrobat (around neck)
 j - a ring of fire
Scrolls
 b - a scroll of identify
Potions
 a - 2 potions of mutation
 g - 2 potions of curing

Dungeon Overview and Level Annotations

Branches:
Dungeon (6/15)
 Temple: D:4-7

Altars:
Elyvilon
Qazlal

Shops:
D:5 (

Annotations:
D:5 3 runed translucent doors, qw's ghost, amateur GrHu
D:6 Duvessa


Message History

Duvessa hits you with a +3 short sword of draining!
You feel drained.
You shoot an arrow.
The arrow hits Duvessa but does no damage.
Duvessa hits you but does no damage.
You feel drained.
You shoot an arrow. The arrow barely misses Duvessa.
Duvessa hits you with a +3 short sword of draining!
You feel drained. Duvessa barely misses you.
You shoot an arrow. The arrow hits Duvessa.
Duvessa is lightly wounded.
Duvessa hits you with a +3 short sword of draining.
You feel drained.
You shoot an arrow. The arrow hits Duvessa.
Duvessa is lightly wounded.
Duvessa hits you with a +3 short sword of draining.
You feel drained.
Duvessa hits you with a +3 short sword of draining.
You feel drained.
You shoot an arrow. The arrow hits Duvessa!
Duvessa is moderately wounded.
Duvessa hits you with a +3 short sword of draining!
You feel drained.
You shoot an arrow. The arrow barely misses Duvessa.
Duvessa barely misses you. You furiously retaliate!
You headbutt Duvessa! You shoot an arrow. The arrow hits Duvessa!
Duvessa is severely wounded.
Duvessa misses you. Duvessa closely misses you.
You shoot an arrow. The arrow barely misses Duvessa.
Duvessa hits you with a +3 short sword of draining.
You feel drained.
3853 ||| READING scroll of teleportation.
As you read the scroll of teleportation, it crumbles to dust.
You feel strangely unstable.
Duvessa hits you with a +3 short sword of draining!
You feel drained. Duvessa barely misses you.
You shoot an arrow.
The arrow hits Duvessa but does no damage.
Duvessa is severely wounded.
Duvessa hits you with a +3 short sword of draining!!
You die...

######### #######
#)e...... #.....#
#@#
#.###.####.#######
#.# #.............
#.# ######.######.
#.# #.# #.# #.#
#.# ..# #># .##
#.# .


You could see Duvessa (berserk, fast).

Vanquished Creatures
  Prince Ribbit (D:5)
  Sigmund (D:3)
  Menkaure (D:4)
  3 black bears
  A bullfrog (D:6)
  Dowan (D:6)
  2 centaur zombies (D:4)
  2 iguanas (D:5)
  A bullfrog skeleton (D:4)
  Ijyb (D:4)
  3 scorpion zombies (D:4)
  Natasha (thrice) (D:2)
  An orc wizard (D:5)
  3 hound zombies (D:4)
  A hound skeleton (D:4)
  8 adders
  A shadow imp (D:5)
  A white imp (D:5)
  2 adder zombies (D:4)
  An adder skeleton (D:4)
  2 worms
  3 dart slugs
  11 orcs
  8 endoplasms
  2 giant cockroaches (D:2)
  13 goblins
  18 hobgoblins
  5 jackals
  5 kobolds
  5 quokkas
  11 ball pythons
  7 bats
  3 frilled lizards
  4 rats
135 creatures vanquished.

Notes
Turn   | Place    | Note
-------+----------+-------------------------------------------
     0 | D:1      | qw the Minotaur Hunter began the quest for the Orb.
     0 | D:1      | Reached XP level 1. HP: 18/18 MP: 0/0
     0 | D:1      | 0 ||| qw: Version: 0.2-a-121-gba3a3e5
     0 | D:1      | 0 ||| qw: Game counter: 3202
     0 | D:1      | 0 ||| qw: Always use a shield: true
     0 | D:1      | 0 ||| qw: God list: Okawaru
     0 | D:1      | 0 ||| qw: Allow faded altars: false
     0 | D:1      | 0 ||| qw: Do Orc after D:15 true
     0 | D:1      | 0 ||| qw: Do second Lair branch before Depths: true
     0 | D:1      | 0 ||| qw: Lair rune preference: random
     0 | D:1      | 0 ||| qw: Plans: Normal
     0 | D:1      | 0 ||| PLANNING D:1-11
   248 | D:1      | Reached XP level 2. HP: 25/25 MP: 1/1
   275 | D:1      | Reached skill level 5 in Ranged Weapons
   423 | D:1      | Reached skill level 3 in Fighting
   704 | D:1      | 704 ||| UPGRADING to +0 pair of gloves.
   709 | D:1      | 709 ||| UPGRADING to amulet of the acrobat.
   714 | D:1      | 714 ||| READING scroll labelled ZEPPUM KIJANA.
   715 | D:1      | 715 ||| READING scroll labelled OQIOBR ROAFO.
   716 | D:1      | 716 ||| DROPPING scroll of butterflies.
   740 | D:2      | Reached XP level 3. HP: 31/31 MP: 2/2
   839 | D:2      | Noticed Natasha
   849 | D:2      | Killed Natasha
   850 | D:2      | Reached skill level 6 in Ranged Weapons
   850 | D:2      | Reached XP level 4. HP: 24/38 MP: 3/3
   855 | D:2      | Noticed Natasha
   857 | D:2      | Killed Natasha
   858 | D:2      | Reached skill level 1 in Armour
   949 | D:2      | Noticed Natasha
   956 | D:2      | Killed Natasha
  1003 | D:2      | Reached XP level 5. HP: 46/46 MP: 4/4
  1183 | D:2      | You fall into a shaft and drop 1 floor!
  1184 | D:3      | 1184 ||| UPGRADING to +2 pair of boots of flying.
  1189 | D:3      | 1189 ||| READING scroll labelled IPOT OSUENAL.
  1193 | D:3      | 1193 ||| READING scroll labelled ATTOEJESARR.
  1197 | D:3      | 1197 ||| READING scroll labelled ADODGH GUHUSS.
  1198 | D:3      | 1198 ||| DRINKING 2 yellow potions.
  1246 | D:3      | 1246 ||| DROPPING potion of berserk rage.
  1457 | D:2      | 1457 ||| READING 2 scrolls of identify.
  1457 | D:2      | 1457 ||| IDENTIFYING orange potion
  1680 | D:3      | Noticed Sigmund
  1684 | D:3      | Killed Sigmund
  1685 | D:3      | Reached skill level 7 in Ranged Weapons
  1685 | D:3      | Reached XP level 6. HP: 52/52 MP: 5/5
  1870 | D:3      | 1870 ||| UPGRADING to +0 ring mail.
  1880 | D:3      | 1880 ||| DROPPING +0 leather armour.
  1881 | D:3      | 1881 ||| UPGRADING to +0 cloak.
  1886 | D:3      | 1886 ||| DROPPING amulet of magic regeneration.
  1887 | D:3      | 1887 ||| READING 2 scrolls labelled VYMACH YMPAOFU.
  1888 | D:3      | 1888 ||| READING scroll labelled UNYAPS JOQE.
  1889 | D:3      | 1889 ||| READING scroll labelled VIUFOB VICH.
  1890 | D:3      | 1890 ||| DRINKING 3 coppery potions.
  1891 | D:3      | 1891 ||| DRINKING 3 silvery potions.
  1892 | D:3      | 1892 ||| READING 2 scrolls of identify.
  1892 | D:3      | 1892 ||| IDENTIFYING fuming golden potion
  1893 | D:3      | 1893 ||| DROPPING potion of invisibility.
  1894 | D:3      | 1894 ||| DROPPING 2 potions of attraction.
  1895 | D:3      | 1895 ||| DROPPING scroll of poison.
  1897 | D:3      | 1897 ||| Stepping ~*~*~tactically~*~*~ (cloud).
  2018 | D:4      | 2018 ||| STAIRDANCE
  2088 | D:4      | Reached skill level 8 in Ranged Weapons
  2121 | D:4      | Reached XP level 7. HP: 54/60 MP: 6/6
  2426 | D:4      | Noticed Ijyb
  2434 | D:4      | Killed Ijyb
  2694 | D:4      | Noticed Menkaure
  2700 | D:4      | Killed Menkaure
  2701 | D:4      | Reached skill level 9 in Ranged Weapons
  2809 | D:4      | 2809 ||| UPGRADING to +3 leather armour.
  2819 | D:4      | 2819 ||| DROPPING +0 ring mail.
  2820 | D:4      | 2820 ||| READING scroll labelled EJAMEX FONEMP.
  2821 | D:4      | 2821 ||| READING scroll labelled TIEMOIMUMN.
  2822 | D:4      | 2822 ||| READING scroll labelled VEUSUEV XEAPPI.
  2823 | D:4      | 2823 ||| DRINKING 2 fuming puce potions.
  2824 | D:4      | 2824 ||| READING 2 scrolls of identify.
  2824 | D:4      | 2824 ||| IDENTIFYING black potion
  2825 | D:4      | 2825 ||| DROPPING potion of brilliance.
  2826 | D:4      | 2826 ||| DROPPING potion of magic.
  2860 | D:5      | Entered Level 5 of the Dungeon
  2875 | D:5      | Found Sezoaraa's Weapon Emporium.
  2970 | D:5      | Noticed Prince Ribbit
  2972 | D:5      | Killed Prince Ribbit
  2973 | D:5      | Reached XP level 8. HP: 68/68 MP: 7/7
  2974 | D:5      | Found a stormy altar of Qazlal.
  3251 | D:5      | Reached skill level 6 in Fighting
  3280 | D:5      | 3280 ||| READING scroll of enchant weapon.
  3280 | D:5      | 3280 ||| ENCHANTING +1 shortbow of electrocution.
  3546 | D:5      | Found a white marble altar of Elyvilon.
  3612 | D:5      | Found a runed translucent gate.
  3612 | D:5      | Noticed qw's ghost (amateur GrHu)
  3613 | D:5      | Found a runed translucent gate.
  3614 | D:5      | Found a runed translucent gate.
  3616 | D:5      | Identified the +1 sling of Karma {drain, Int+5}
  3616 | D:5      | Identified the +5 scale mail of Vuty {rCorr}
  3717 | D:5      | 3717 ||| READING 2 scrolls of identify.
  3717 | D:5      | 3717 ||| IDENTIFYING sedimented pink potion
  3718 | D:5      | 3718 ||| DROPPING potion of lignification.
  3816 | D:6      | Reached skill level 10 in Ranged Weapons
  3835 | D:6      | Noticed Duvessa
  3835 | D:6      | Noticed Dowan
  3843 | D:6      | Killed Dowan
  3852 | D:6      | HP: 13/58 [Duvessa/+3 short sword of draining (6)]
  3853 | D:6      | 3853 ||| READING scroll of teleportation.
  3853 | D:6      | HP: 2/56 [Duvessa/+3 short sword of draining (11)]
  3854 | D:6      | Demolished by Duvessa

Levels and vault maps discovered:
D:1:      nzn_arrival_settlement, layout_basic, minmay_statues_item
D:2:      layout_basic, grunt_ministairs_15, minmay_misc_feat_columns,
          uniq_natasha
D:3:      cheibrodos_greedy_goblins, layout_rooms, uniq_sigmund
D:4:      layout_loops_ring, serial_undead, serial_undead_a, serial_undead_b,
          serial_undead_e, serial_undead_d, serial_undead_e, serial_undead_d,
          uniq_menkaure, uniq_ijyb
D:5:      layout_gridville, nicolae_overflow_crystal_walls, kennysheep_mini,
          serial_shops, nicolae_shop_window_shopping,
          biasface_ghost_orc_armoury, sigmund_army, uniq_prince_ribbit1
D:6:      layout_loops_ring, uniq_duvessa

Skill      XL: |  1  2  3  4  5  6  7  8 |
---------------+-------------------------+-----
Ranged Weapons | 5 6 7 8 9 10 | 10.1
Fighting       | 3 4 5 6 |  6.4
Armour         | 1 2 |  2.4
Dodging        | 4 |  4.3
Stealth        | |  0.7

Action                     |  1- 3 |  4- 6 |  7- 9 || total
---------------------------+-------+-------+-------++-------
   Fire: Shortbow          |    93 |   141 |   150 ||   384
    Use: Scroll            |     2 |     8 |     7 ||    17
         Potion            |       |     3 |     1 ||     4
 Armour: Leather armour    |     6 |    12 |    10 ||    28
         Ring mail         |       |    17 |     9 ||    26
  Dodge: Dodged            |    19 |    40 |    38 ||    97

Table legend:
 A = Non-vault XP
 B = Vault XP
 C = Vault XP percentage of total XP
 D = Non-vault monster count
 E = Vault monster count
 F = Vault count percentage of total count
                 A         B        C        D         E       F
            +---------+---------+-------+---------+---------+-------
      Total |     912 |    1191 |  56.6 |     100 |      35 |  25.9
            +---------+---------+-------+---------+---------+-------
        D:1 |      37 |       0 |   0.0 |      21 |       0 |   0.0
        D:2 |     146 |      50 |  25.5 |      30 |       3 |   9.1
        D:3 |      39 |     248 |  86.4 |      12 |      12 |  50.0
        D:4 |      77 |     543 |  87.6 |      21 |      15 |  41.7
        D:5 |     390 |     283 |  42.1 |      12 |       4 |  25.0
        D:6 |     223 |      67 |  23.1 |       4 |       1 |  20.0
            +---------+---------+-------+---------+---------+-------
